 Dungeon Crawl Stone Soup version 0.17-a0-1738-g82cdc46 (webtiles) character file.

504 KambridgeKobold the Skirmisher (level 6, -7/51 HPs)
             Began as a Demonspawn Berserker on Aug 29, 2015.
             Was a Priest of Trog.
             Killed by divine providence
             ... invoked by an orc priest
              (15 damage)
             ... on level 4 of the Dungeon on Aug 30, 2015.
             The game lasted 00:16:52 (5827 turns).

KambridgeKobold the Skirmisher (DsBe)               Turns: 5827, Time: 00:16:52

Health: -7/51      AC:  9    Str: 18    XL:     6   Next: 96%
Magic:  6/6        EV: 13    Int:  8    God:    Trog [***...]
Gold:   86         SH:  0    Dex: 14    Spells: 0 memorised, 5 levels left

rFire  . . .     SeeInvis .     t - +0 whip
rCold  . . .     Clarity  .     o - +0 scale mail (curse)
rNeg   . . .     SustAt   .     (no shield)
rPois  .         Gourm    .     n - +0 helmet (curse)
rElec  .         Spirit   .     y - +0 cloak
rCorr  .         Warding  .     (no gloves)
rMut   .         Stasis   .     (no boots)
MR     .....                    (no amulet)
Stlth  ..........               (no ring)
                                (no ring)

@: lethally poisoned (-7 -> -10), not resistant to hostile enchantments,
extremely unstealthy
A: claws 1, repulsion field 2
a: Burn Spellbooks, Berserk, Trog's Hand, Renounce Religion


You were on level 4 of the Dungeon.
You worshipped Trog.
Trog was most pleased with you.
You were not hungry.

You visited 1 branch of the dungeon, and saw 4 of its levels.

You collected 86 gold pieces.

Inventory:

Hand weapons
 a - a +0 hand axe
 b - a +0 spear
 t - a +0 whip (weapon)
 w - a +1 hunting sling of evasion
Missiles
 v - 16 tomahawks (quivered)
Armour
 j - a +0 animal skin
 n - a cursed +0 helmet (worn)
 o - a cursed +0 scale mail (worn)
 s - a +0 ring mail
 y - a +0 cloak (worn)
Scrolls
 g - 2 scrolls of blinking
 l - a scroll of fear
 m - a scroll of remove curse {unknown}
 p - a scroll of recharging {unknown}
 r - a scroll of random uselessness {unknown}
 u - 2 scrolls of noise
Potions
 d - 4 potions of curing
 f - 2 potions of heal wounds
 i - 2 potions of mutation
 k - a potion of might {unknown}
 q - a potion of beneficial mutation {unknown}
 x - a potion of haste {unknown}
 z - a potion of invisibility {unknown}
Comestibles
 c - 4 bread rations
 h - 2 beef jerkies
 A - 4 chunks of flesh


   Skills:
 + Level 5.3 Fighting
 + Level 4.6 Axes
 + Level 3.5 Armour
 - Level 2.4 Dodging


You had 5 spell levels left.
You didn't know any spells.

Dungeon Overview and Level Annotations

Branches:
Dungeon (4/15)             Temple (0/1) D:4

Altars:
Makhleb
Qazlal


Innate Abilities, Weirdness & Mutations

You have sharp fingernails.
You are surrounded by a moderate repulsion field (EV +3).


Message History

You barely miss the orc.
The orc is almost dead.
You feel sick. The orc hits you with a hand axe.
The orc priest looks braver for a moment.
You hit the orc.
You kill the orc!
Trog accepts your kill.
You feel sick.
You closely miss the orc.
Your skin stops crawling.
You feel less resistant to hostile enchantments.
The orc hits you with a flail.
* * * LOW HITPOINT WARNING * * *
You feel sick.
You feel sick.
You feel sick.
You feel sick.
The orc priest calls down the wrath of Beogh upon you.
Something smites you!
You die...

############# #.O...O.....#
#.#########.# #.# #.# ### ###
#.#########.###### #.#
#.###.##........@.o..# #.#
......########..####o######.#
.(.................#..).....#
...................#######§######
#.#..#.###.........#≈≈≈≈≈≈§≈≈≈≈§≈
#............#..#..#≈§≈≈.....≈≈§≈
#....#.###........<#§≈≈.......≈≈≈
........##.#.#..#..#≈≈....#....≈≈
#....#..........#..#§...##.##...≈


You could see an orc priest and an orc.

Vanquished Creatures
  An ogre (D:4)
  A phantom (D:4)
  An orc priest (D:3)
  2 orc wizards
  2 worker ants
  8 adders
  A worm (D:2)
  4 giant geckos
  19 orcs
  4 ball pythons
  8 goblins
  5 hobgoblins
  9 jackals
  12 kobolds
  3 quokkas
  3 bats
  3 giant cockroaches
  8 giant newts
  11 rats
105 creatures vanquished.

Notes
Turn   | Place    | Note
--------------------------------------------------------------
     0 | D:1      | KambridgeKobold the Demonspawn Berserker began the quest for the Orb.
     0 | D:1      | Reached XP level 1. HP: 18/18 MP: 1/1
   128 | D:1      | Upgraded the game from 0.17-a0-1731-g129c023 to 0.17-a0-1738-g82cdc46
   450 | D:1      | Gained mutation: You are surrounded by a mild repulsion field (EV +2). [demonic ancestry]
   450 | D:1      | Reached XP level 2. HP: 20/24 MP: 2/2
  1265 | D:1      | Reached XP level 3. HP: 21/29 MP: 3/3
  2355 | D:2      | Acquired Trog's second power
  2543 | D:2      | Found a stormy altar of Qazlal.
  2591 | D:2      | Gained mutation: You have sharp fingernails. [demonic ancestry]
  2591 | D:2      | Reached XP level 4. HP: 32/37 MP: 4/4
  2646 | D:2      | Reached skill level 4 in Fighting
  3607 | D:3      | Reached XP level 5. HP: 24/42 MP: 5/5
  4227 | D:3      | Found a burning altar of Makhleb.
  4227 | D:3      | Noticed an Executioner
  4648 | D:4      | Gained mutation: You are surrounded by a moderate repulsion field (EV +3). [demonic ancestry]
  4648 | D:4      | Reached XP level 6. HP: 13/50 MP: 6/6
  4922 | D:4      | Noticed an ogre
  4980 | D:4      | Noticed a phantom
  5001 | D:4      | Killed an ogre
  5001 | D:4      | Reached skill level 5 in Fighting
  5185 | D:4      | Killed a phantom
  5339 | D:4      | Found a staircase to the Ecumenical Temple.
  5827 | D:4      | Killed from afar by an orc priest

Vault maps used:
D:1:      dpeg_arrival_brainrot
D:2:      grunt_qazlal_clouds
D:3:      makhleb_altar_promises_db
D:4:      minmay_temple_entry_enclosed_plants, first_bread,
          kennysheep_generic_room_2

Action                   |  1- 3 |  4- 6 || total
-------------------------+-------+-------++-------
Melee: Hand axe          |   122 |    51 ||   173
       Spear             |    59 |    21 ||    80
       Whip              |       |   270 ||   270
Throw: Tomahawk          |       |     7 ||     7
Invok: Trog's Hand       |       |     4 ||     4
       Berserk           |       |     3 ||     3
  Use: Scroll            |       |     6 ||     6
 Stab: Sleeping          |     3 |       ||     3
  Eat: Chunk             |     5 |    15 ||    20
